 Dungeon Crawl Stone Soup version 0.22.1-1-ga44c0e5 (webtiles) character file.

65 rafellus the Chopper (level 3, -2/33 HPs)
             Began as a Minotaur Berserker on Nov 10, 2018.
             Was a Believer of Trog.
             Slain by a worm (6 damage)
             ... on level 3 of the Dungeon.
             The game lasted 00:11:50 (1446 turns).

rafellus the Chopper (Minotaur Berserker)           Turns: 1446, Time: 00:11:51

Health: -2/33      AC:  5    Str: 22    XL:     3   Next: 94%
Magic:  2/2        EV: 13    Int:  4    God:    Trog [**....]
Gold:   97         SH:  0    Dex:  9    Spells: 2/2 levels left

rFire    . . .     SeeInvis .   a - +0 hand axe
rCold    . . .     Gourm    .   (no shield)
rNeg     . . .     Faith    .   t - +0 leather armour
rPois    .         Spirit   .   (helmet restricted)
rElec    .         Reflect  .   e - +1 cloak
rCorr    .         Harm     .   (no gloves)
MR       .....                  (no boots)
Stlth    +.........             m - amulet of inaccuracy (curse)
HPRegen  0.11/turn              o - +1 ring of evasion
MPRegen  0.08/turn              (no ring)

@: lethally poisoned (-2 -> -5)
A: retaliatory headbutt, horns 2
a: Berserk, Trog's Hand, Renounce Religion


You were on level 3 of the Dungeon.
You worshipped Trog.
Trog was pleased with you.
You were not hungry.

You visited 1 branch of the dungeon, and saw 3 of its levels.

You collected 97 gold pieces.

Inventory:

Hand Weapons
 a - a +0 hand axe (weapon)
Armour
 e - a +1 cloak (worn)
 t - a +0 leather armour (worn)
Jewellery
 b - an uncursed ring of ice
 m - a cursed amulet of inaccuracy (around neck)
 o - a +1 ring of evasion (left hand)
Scrolls
 d - a scroll of enchant weapon {unknown}
 g - a scroll of magic mapping {unknown}
 j - a scroll of fog {unknown}
 n - 2 scrolls of blinking {unknown}
 p - a scroll of remove curse {unknown}
 q - a scroll of fear {unknown}
Potions
 f - a potion of flight {unknown}
 h - a potion of resistance {unknown}
 i - a potion of might {unknown}
 k - 2 potions of degeneration {unknown}
 l - a potion of brilliance {unknown}
 r - 2 potions of agility {unknown}
 s - a potion of heal wounds {unknown}
Comestibles
 c - 5 rations


   Skills:
 - Level 3.7 Fighting
   Level 0.0 Short Blades
 + Level 5.8 Axes
 - Level 2.4 Armour
 - Level 2.2 Dodging


You had 2 spell levels left.
You didn't know any spells.
Your spell library was empty.

Dungeon Overview and Level Annotations

Branches:
Dungeon (3/15)

Altars:


Innate Abilities, Weirdness & Mutations

You reflexively headbutt those who attack you in melee.
You have a pair of horns on your head.


Message History

The orc is heavily wounded.
You hit the worm.
You feel sick.
You hit the orc.
You kill the orc!
Trog accepts your kill.
You hit the worm. The worm misses you. You furiously retaliate!
You headbutt the worm, but do no damage.
You feel sick. The worm barely misses you.
Items here: )) [ † a flail; a hand axe of venom; a scale mail; an orc corpse You hit the worm.
The worm is lightly wounded.
You hit the worm. The worm bites you.
You closely miss the worm. x2; You feel sick.
The worm bites you!
* * * LOW HITPOINT WARNING * * *
You hit the worm.
The worm is lightly wounded.
You hit the worm. The worm closely misses you. You furiously retaliate!
You headbutt the worm! The worm bites you.
You die...

#......... #.........
#......... #.........
#......... ##.........
###....(.....
...##########.....)o.....
......ww@w##...######(...
...######........# #....
###...##.# #...) #...#
.........
................
#..#..####....... w..#.##
#......# ..<...# #.....##
#.$...## ...#.# #


You could see 3 worms.

Vanquished Creatures
  An adder (D:2)
  3 leopard geckos
  5 orcs (D:3)
  A giant cockroach (D:1)
  7 goblins
  7 hobgoblins
  A quokka (D:2)
  A ball python (D:1)
  8 bats
  4 frilled lizards
  6 kobolds
  2 rats (D:2)
46 creatures vanquished.

Notes
Turn   | Place    | Note
-------+----------+-------------------------------------------
     0 | D:1      | rafellus the Minotaur Berserker began the quest for the
                  | Orb.
     0 | D:1      | Reached XP level 1. HP: 19/19 MP: 0/0
   135 | D:1      | Reached skill level 4 in Axes
   177 | D:1      | Reached XP level 2. HP: 23/27 MP: 1/1
   518 | D:1      | Reached ** piety under Trog
   587 | D:2      | Reached skill level 5 in Axes
   587 | D:2      | Reached XP level 3. HP: 21/33 MP: 2/2
  1446 | D:3      | Slain by a worm

Skill      XL: |  1  2 |
---------------+-------+-----
Axes           | 4 5 |  5.8
Fighting       | |  3.7
Armour         | |  2.4
Dodging        | |  2.2

Action                   || total
-------------------------++-------
Melee: Hand axe          ||   110
       Headbutt          ||    10
  Eat: Chunk             ||     2
Armor: Animal skin       ||    17
       Leather armour    ||    17
Dodge: Dodged            ||    93
